 Dungeon Crawl Stone Soup version 0.31.0-1-g2c135a0 (webtiles) character file.

Game seed: 210419911551276753

139056 aor the Severer (level 16, -4/147 HPs)
             Began as a Minotaur Fighter on Feb 2, 2024.
             Was the Champion of the Shining One.
             Slain by the 22-headed Lernaean hydra (11 damage)
             ... on level 4 of the Swamp.
             The game lasted 01:02:42 (22318 turns).

aor the Severer (Minotaur Fighter)                 Turns: 22318, Time: 01:02:42

Health: -4/147     AC: 34    Str: 30    XL:     16   Next: 49%
Magic:  20/23      EV: 16    Int:  5    God:    the Shining One [******]
Gold:   2074       SH: 32    Dex: 24    Spells: 15/15 levels left

rFire   + . .        a - +9 broad axe (flame)
rCold   + . .        W - +0 tower shield
rNeg    + + +        o - +9 plate armour "Omni" {rCorr}
rPois   .            M - +2 hat {SInv}
rElec   .            Z - scarf {rC+ rF+}
rCorr   +            G - +2 pair of gloves {Dex+3}
SInv    +            w - +2 pair of boots {Fly}
Will    +....        X - amulet of regeneration Stlth
                     e - +6 ring of strength
HPRegen 1.24/turn    H - +6 ring of dexterity
MPRegen 0.18/turn

%: no passive effects
@: divinely shielded, flying, hasted, glowing, studying Polearms, very quick
A: horns 2, retaliatory headbutt
a: Renounce Religion, Divine Shield, Cleansing Flame, Summon Divine Warrior,
Brand Weapon With Holy Wrath


You were on level 4 of the Swamp.
You worshipped the Shining One.
The Shining One was exalted by your worship.
You visited 5 branches of the dungeon, and saw 27 of its levels.
You also visited: Gauntlet and Ice Cave.

You collected 2998 gold pieces.
You spent 924 gold pieces at shops.

Inventory:

Hand Weapons
 a - a +9 broad axe of flaming (weapon)
Missiles
 k - 47 poisoned darts (quivered)
 S - 3 throwing nets
Armour
 f - the +1 plate armour of the Frog {rF+}
   (You found it in a Gauntlet)

   rF+:       It protects you from fire.
 o - the +9 plate armour "Omni" (worn) {rCorr}
   (You found it on level 4 of the Dungeon)

   rCorr:     It protects you from acid and corrosion.
 w - a +2 pair of boots of flying (worn)
 G - a +2 pair of gloves of dexterity (worn)
 M - a +2 hat of see invisible (worn)
 P - a scarf of repulsion
 W - a +0 tower shield (worn)
 Z - a scarf of resistance (worn)
Jewellery
 b - an amulet of reflection
 e - a +6 ring of strength (left hand)
 D - a ring of flight
 H - a +6 ring of dexterity (right hand)
 L - a ring of fire
 X - an amulet of regeneration (around neck)
Wands
 d - a wand of quicksilver (6)
 m - a wand of mindburst (1)
 r - a wand of polymorph (21)
 v - a wand of iceblast (31)
 C - a wand of flame (46)
 F - a wand of paralysis (6)
 Y - a wand of digging (11)
Scrolls
 c - 2 scrolls of revelation
 i - 12 scrolls of teleportation
 n - 5 scrolls of poison
 s - 4 scrolls of enchant armour
 u - 4 scrolls of blinking
 y - 4 scrolls of fear
 z - a scroll of silence {unknown}
 B - 5 scrolls of immolation
 E - 9 scrolls of fog
 J - 2 scrolls of identify
 Q - a scroll of torment
 R - 3 scrolls of amnesia
 V - a scroll of summoning
Potions
 h - 7 potions of curing
 j - 6 potions of brilliance
 l - 3 potions of attraction
 p - 9 potions of heal wounds
 q - 8 potions of lignification
 x - 2 potions of ambrosia
 A - 2 potions of haste
 I - 3 potions of enlightenment {unknown}
 K - 2 potions of resistance {unknown}
 N - 2 potions of might
 O - 3 potions of magic
 T - a potion of cancellation
 U - 4 potions of mutation {unknown}
Miscellaneous
 g - a phial of floods
 t - a lightning rod (4/4)


   Skills:
 + Level 14.6 Fighting
 - Level 10.9 Long Blades
 + Level 16.4 Axes
 + Level 14.6 Armour
 + Level 13.0 Dodging
 + Level 14.4 Shields
 + Level 10.7 Invocations


You had 15 spell levels left.
You didn't know any spells.
Your spell library contained the following spells:

 Spells                   Type           Power      Damage    Failure   Level
 Kiss of Death            Conj/Necr      0%         2d5       100%        1
 Magic Dart               Conj           0%         1d3       100%        1
 Necrotise                Necr           0%         1d4       100%        1
 Blink                    Tloc           0%         N/A       100%        2
 Call Imp                 Summ           0%         N/A       100%        2
 Ensorcelled Hibernation  Hex/Ice        0%         N/A       100%        2
 Lesser Beckoning         Tloc           0%         N/A       100%        2
 Momentum Strike          Conj/Tloc      0%         3d8       100%        2
 Confusing Touch          Hex            0%         N/A       100%        3
 Fugue of the Fallen      Necr           0%         N/A       100%        3
 Gell's Gravitas          Tloc           0%         N/A       100%        3
 Inner Flame              Hex/Fire       0%         N/A       100%        3
 Teleport Other           Tloc           0%         N/A       100%        3
 Vampiric Draining        Necr           0%         2d6       100%        3
 Volatile Blastmotes      Fire/Tloc      0%         2d10      100%        3
 Anguish                  Hex/Necr       0%         N/A       100%        4
 Cause Fear               Hex            0%         N/A       100%        4
 Dispel Undead            Necr           0%         3d6       100%        4
 Flame Wave               Conj/Fire      0%         2d4       100%        4
 Fulminant Prism          Conj/Alch      0%         3d5       100%        4
 Iskenderun's Mystic Bla  Conj/Tloc      0%         2d3       100%        4
 Martyr's Knell           Necr/Summ      0%         N/A       100%        4
 Sticky Flame             Fire/Alch      0%         2d4       100%        4
 Curse of Agony           Necr           0%         N/A       100%        5
 Enfeeble                 Hex            0%         N/A       100%        7


Dungeon Overview and Level Annotations

Branches:
Dungeon (15/15)            Temple (1/1) D:4            Lair (5/5) D:9
  Swamp (4/4) Lair:2       Spider (0/4) Lair:3        Slime (0/5) Lair:4
    Orc (2/2) D:12            Elf (0/3) Orc:2        Vaults (0/5) D:14
 Depths (0/4) D:15          IceCv (visited)         Gauntlet (visited)

Altars:
Ashenzari
Cheibriados
Dithmenos
Elyvilon
Fedhas
Gozag
Hepliaklqana
Kikubaaqudgha
Makhleb
Nemelex Xobeh
Okawaru
Qazlal
Ru
Sif Muna
Trog
Uskayaw
Vehumet
Wu Jian
Xom
Yredelemnul
Zin
The Shining One
Lugonu

Shops:
D:5 !   D:12 =   D:13 :   D:15 *   Orc:2 ([[[

Portals:
Abyss: Lair:5

Annotations:
D:4 2 transporters, geeeeen's ghost, amateur MiFi
D:7 3 runed translucent doors, Ubbricas's ghost, novice TrEn
Swamp:4 Lernaean hydra


Innate Abilities, Weirdness & Mutations

You have a pair of horns on your head.
You reflexively headbutt those who attack you in melee.


Message History

The 23-headed Lernaean hydra bites you but does no damage. x8
The 23-headed Lernaean hydra bites you.
The 23-headed Lernaean hydra completely misses you.
The 23-headed Lernaean hydra bites you but does no damage.
The 23-headed Lernaean hydra bites you. The 23-headed Lernaean hydra bites you!
The 23-headed Lernaean hydra bites you but does no damage.
The 23-headed Lernaean hydra bites you.
Unknown command.
Unknown command.
Unknown command.
You chop one of the 23-headed Lernaean hydra's heads off!
The flame cauterises the wound!
You slash the 22-headed Lernaean hydra! You burn the 22-headed Lernaean hydra!
The 22-headed Lernaean hydra is almost dead.
You slice the swamp drake!! You burn the swamp drake.
You kill the swamp drake!
The 22-headed Lernaean hydra bites you but does no damage.
You block the 22-headed Lernaean hydra's attack.
The 22-headed Lernaean hydra bites you but does no damage.
You block the 22-headed Lernaean hydra's attack.
The 22-headed Lernaean hydra bites you but does no damage.
You block the 22-headed Lernaean hydra's attack.
The 22-headed Lernaean hydra bites you!
* * * LOW HITPOINT WARNING * * *
You block the 22-headed Lernaean hydra's attack.
The 22-headed Lernaean hydra bites you but does no damage. x2
The 22-headed Lernaean hydra misses you. x2
The 22-headed Lernaean hydra bites you!
* * * LOW HITPOINT WARNING * * *
The 22-headed Lernaean hydra bites you but does no damage.
The 22-headed Lernaean hydra bites you!
* * * LOW HITPOINT WARNING * * *
The 22-headed Lernaean hydra closely misses you.
The 22-headed Lernaean hydra bites you but does no damage. x2
The 22-headed Lernaean hydra bites you.
* * * LOW HITPOINT WARNING * * *
The 22-headed Lernaean hydra bites you!
* * * LOW HITPOINT WARNING * * *
The 22-headed Lernaean hydra bites you!
You die...

*,,,,~,,~~,,*♣♣♣♣♣....#.♣♣≈≈** *
*~~~~,,**~..#♣♣♣≈♣♣.(..♣♣≈#≈~* *
**~~~~,***♣♣..[♣.♣≈♣..♣♣♣♣...*~
***~~~~~~.**♣~$..~~...).♣♣♣~~♣♣~~
**~~~~~~~~.♣♣....#~.~...§♣~♣~♣♣,,
***,~~~~~~~.~~.........~..~~..#,~
~,,,~~~~~~~......~~~~..♣♣♣.~§♣.,~
~~~~~~~~~~~,~*♣~.~~~...♣♣~..~♣*,~
,*~,~~~~~~~,,♣♣~@~..D<~....~~.♣,~
***~~~~~~~..~....D§..~~.§~♣♣...~,
***,~~~~~§..~~.♣♣♣♣♣♣♣..♣♣♣~..~,,
*~,*~~~~~~~~~<♣*,,~**~~♣♣*~,,,~,~
,~**,~~~~~~~..~,,,~**♣♣♣**,,,,~**
~~**^~~~,...~~~~~,,,~** *~~,,,**~
~~,~~~~~~♣..*****,~~,~***~,*****~
,,**,~~,*♣♣♣* *,~,,***,,~~* **
******~** **~*~,***,,** *


You could see the 22-headed Lernaean hydra and a five-headed hydra.

Vanquished Creatures
  Jorgrun (D:15)
  Gastronok (D:8)
  Kirke (Lair:4)
  Donald (Swamp:4)
  A reaper (IceCv)
  A quicksilver ooze (Gauntlet)
  A stone giant (D:15)
  A minotaur (Gauntlet)
  The ghost of Ixoagrun the Bludgeoner, a journeyman MiFi of Okawaru (Lair:3)
  Josephine (Lair:5)
  A fire dragon (D:14)
  8 hydras
  2 ogre magi
  6 catoblepae
  An alligator (Lair:3)
  5 vault guards (D:14)
  7 centaur warriors
  5 boulder beetles
  A death knight (D:10)
  10 death yaks
  7 two-headed ogres
  A tengu warrior (D:14)
  4 orc high priests (Orc:2)
  4 spriggans
  4 thrashing horrors (Lair:5)
  A skyshark (Lair:5)
  An orb spider (Lair:3)
  3 arcanists
  A deep elf archer (D:14)
  8 swamp dragons
  Pikel (D:8)
  3 deep elf pyromancers
  3 orc sorcerers (Orc:2)
  10 cyclopes
  9 ugly things
  3 meliai (D:13)
  3 kobold blastminers (Orc:1)
  17 elephants
  2 black mambas
  7 manticores
  2 ice statues (IceCv)
  2 molten gargoyles (Gauntlet)
  7 gargoyles
  14 cane toads
  2 smoke demons (Lair:5)
  Maggie (D:8)
  A freezing wraith (IceCv)
  3 unseen horrors
  4 large abominations (Lair:5)
  A yaktaur (D:14)
  3 anaconda simulacra (IceCv)
  9 komodo dragons
  7 ice devils
  4 hornets
  10 trolls
  A queen bee (Gauntlet)
  2 tyrant leeches
  Grinder (D:6)
  2 polar bears (Lair:3)
  2 raiju (Lair:5)
  10 blink frogs
  9 slime creatures
  3 centaur simulacra
  5 shadows
  9 small abominations (Lair:5)
  5 wyverns
  Eustachio (D:5)
  3 dire elephant simulacra (IceCv)
  41 yaks
  7 wraiths
  3 ynoxinuls (Lair:5)
  7 hogs (Lair:4)
  4 basilisks (Lair:5)
  A human (D:14)
  A steam dragon (D:7)
  21 vampire mosquitoes
  Menkaure (D:4)
  2 chaos spawn (Lair:5)
  6 swamp worms
  A redback simulacrum (D:15)
  A death yak simulacrum (IceCv)
  A harpy simulacrum (IceCv)
  2 acid dragons
  3 hydra simulacra (IceCv)
  Edmund (D:5)
  14 water moccasins
  5 swamp drakes
  Duvessa (D:5)
  2 meliai simulacra
  4 ice beasts
  18 orc warriors
  A sky beast (D:6)
  6 black bears
  2 laughing skulls (D:15)
  12 ogres
  24 wolves
  14 centaurs
  A lemure (D:8)
  3 kobold brigands
  9 bullfrogs
  4 gnoll sergeants
  A cane toad simulacrum (IceCv)
  3 scorpions
  3 wights (D:8)
  Dowan (D:5)
  13 killer bees
  6 howler monkeys
  An electric eel (D:13)
  2 vampire bats (D:8)
  2 bombardier beetles
  3 hounds
  38 orc priests
  2 jellies
  A gnoll bouda (D:10)
  An iguana (D:7)
  Ijyb (D:5)
  38 orc wizards
  A sleepcap (D:6)
  2 hell rats (Lair:1)
  13 gnolls
  9 adders
  A naga simulacrum (IceCv)
  15 river rats
  A shadow imp (D:8)
  A white imp (D:7)
  5 ufetubi
  5 dart slugs
  A ribbon worm (D:4)
  103 orcs
  3 bats
  3 bat skeletons (D:8)
  3 bat zombies (D:8)
  6 endoplasms
  A giant cockroach (D:2)
  6 goblins
  8 hobgoblins
  3 jackals (D:4)
  15 kobolds
  3 quokkas
  5 ball pythons
  3 frilled lizards
  5 rats
831 creatures vanquished.

Notes
Turn   | Place    | Note
-------+----------+-------------------------------------------
     0 | D:1      | aor the Minotaur Fighter began the quest for the Orb.
     0 | D:1      | Reached XP level 1. HP: 19/19 MP: 0/0
   208 | D:1      | Reached XP level 2. HP: 27/27 MP: 1/1
   449 | D:1      | You fall into a shaft and drop 1 floor!
   456 | D:2      | Reached skill level 1 in Dodging
   815 | D:1      | Found a faded altar of an unknown god.
   944 | D:2      | Reached XP level 3. HP: 29/33 MP: 2/2
  1203 | D:2      | Found a bloodstained altar of Trog.
  1656 | D:2      | Reached XP level 4. HP: 40/40 MP: 3/3
  1941 | D:3      | Reached XP level 5. HP: 16/47 MP: 4/4
  2216 | D:3      | Found an opulent altar of Gozag.
  2216 | D:3      | Found an ornate altar of the Wu Jian Council.
  2216 | D:3      | Found a snail-covered altar of Cheibriados.
  2217 | D:3      | Found a sacrificial altar of Ru.
  2217 | D:3      | Found a burning altar of Makhleb.
  2218 | D:3      | Found a basalt altar of Yredelemnul.
  2518 | D:3      | Found a hazy altar of Hepliaklqana.
  3173 | D:4      | Identified the +9 plate armour "Omni" {rCorr}
  3190 | D:4      | Found a transporter.
  3198 | D:4      | Noticed geeeeen's ghost (amateur MiFi)
  3247 | D:4      | Found a transporter.
  3253 | D:4      | Noticed Menkaure
  3265 | D:4      | Killed Menkaure
  3266 | D:4      | Reached skill level 5 in Fighting
  3266 | D:4      | Reached skill level 5 in Armour
  3266 | D:4      | Reached skill level 5 in Shields
  3266 | D:4      | Reached XP level 6. HP: 42/56 MP: 3/5
  3678 | D:4      | Reached XP level 7. HP: 52/61 MP: 6/6
  3745 | D:4      | Found a staircase to the Ecumenical Temple.
  3754 | Temple   | Entered the Ecumenical Temple
  3771 | Temple   | Became a worshipper of the Shining One
  4238 | D:5      | Entered Level 5 of the Dungeon
  4477 | D:5      | Reached skill level 5 in Long Blades
  4490 | D:5      | Noticed a two-headed ogre
  4503 | D:5      | Killed a two-headed ogre
  4504 | D:5      | Reached XP level 8. HP: 57/71 MP: 5/7
  4638 | D:5      | Noticed Ijyb
  4638 | D:5      | Noticed Edmund
  4653 | D:5      | Killed Edmund
  4659 | D:5      | Killed Ijyb
  4660 | D:5      | Reached skill level 5 in Dodging
  4686 | D:5      | Found a sparkling altar of Nemelex Xobeh.
  4718 | D:5      | Noticed Eustachio
  4847 | D:5      | Reached skill level 1 in Invocations
  4857 | D:5      | Killed Eustachio
  5080 | D:5      | Noticed Duvessa
  5082 | D:5      | Noticed Dowan
  5089 | D:5      | Killed Duvessa
  5093 | D:5      | Killed Dowan
  5101 | D:5      | Found Fixibby's Distillery.
  5106 | D:5      | Bought 2 potions of brilliance for 96 gold pieces
  5106 | D:5      | Bought a potion of ambrosia for 96 gold pieces
  5106 | D:5      | Bought a potion of attraction for 36 gold pieces
  5106 | D:5      | Bought a potion of cancellation for 96 gold pieces
  5178 | D:6      | Reached XP level 9. HP: 76/79 MP: 9/9
  5197 | D:6      | Reached * piety under the Shining One
  5419 | D:6      | Noticed Grinder
  5431 | D:6      | Killed Grinder
  5538 | D:6      | Found a glowing silver altar of Zin.
  5984 | D:7      | Found a stormy altar of Qazlal.
  6199 | D:7      | Found a blossoming altar of Fedhas.
  6201 | D:7      | Noticed a two-headed ogre
  6237 | D:7      | Killed a two-headed ogre
  6238 | D:7      | Reached XP level 10. HP: 90/90 MP: 11/11
  6595 | D:7      | Noticed a boulder beetle
  7021 | D:7      | Found a runed translucent gate.
  7022 | D:7      | Found a runed translucent gate.
  7022 | D:7      | Found a runed translucent gate.
  7023 | D:7      | Noticed Ubbricas's ghost (novice TrEn)
  7024 | D:7      | Identified the +8 chain mail of Quczua {rC+ Dex+2}
  7238 | D:8      | Reached ** piety under the Shining One
  7269 | D:8      | Noticed Pikel
  7281 | D:8      | Killed Pikel
  7396 | D:8      | Found an ancient bone altar of Kikubaaqudgha.
  7624 | D:8      | Noticed Gastronok
  7648 | D:8      | Killed Gastronok
  7649 | D:8      | Reached skill level 5 in Invocations
  7894 | D:8      | Noticed Maggie
  7913 | D:8      | Killed Maggie
  7914 | D:8      | Reached XP level 11. HP: 88/97 MP: 13/13
  8136 | D:8      | Reached *** piety under the Shining One
  8309 | D:8      | Noticed a two-headed ogre
  8320 | D:8      | Killed a two-headed ogre
  8674 | D:5      | Bought a potion of might for 48 gold pieces
  8674 | D:5      | Bought a potion of magic for 96 gold pieces
  8674 | D:5      | Bought a potion of might for 48 gold pieces
  8674 | D:5      | Bought a potion of might for 48 gold pieces
  8813 | D:9      | Noticed a two-headed ogre
  8834 | D:9      | Killed a two-headed ogre
  8889 | D:9      | Found a staircase to the Lair.
  9227 | D:9      | Reached skill level 10 in Armour
  9244 | D:9      | Reached skill level 10 in Fighting
  9570 | D:10     | Entered Level 10 of the Dungeon
  9683 | D:10     | Reached skill level 10 in Shields
  9937 | D:10     | Found a runed translucent door.
 10069 | D:10     | Reached skill level 10 in Long Blades
 10203 | D:10     | Found a runed translucent door.
 10536 | D:10     | Noticed a two-headed ogre
 10560 | D:10     | Killed a two-headed ogre
 10983 | D:10     | Reached XP level 12. HP: 108/108 MP: 15/15
 10996 | D:10     | Noticed a death knight
 11000 | D:10     | Noticed a boulder beetle
 11015 | D:10     | Killed a boulder beetle
 11025 | D:10     | Killed a death knight
 11421 | D:11     | Reached **** piety under the Shining One
 12282 | D:12     | Noticed a two-headed ogre
 12330 | D:12     | Identified the +12 war axe "Evuerr" {freeze, rN+ Will-
                  | Int+2}
 12352 | D:12     | Killed a two-headed ogre
 12391 | D:12     | Found a staircase to the Orcish Mines.
 12444 | D:12     | Reached skill level 1 in Axes
 12459 | D:12     | Reached skill level 2 in Axes
 12468 | D:12     | Reached skill level 3 in Axes
 12585 | D:12     | Reached skill level 4 in Axes
 12634 | D:12     | Reached skill level 5 in Axes
 12806 | D:12     | Found Nobboh's Jewellery Shoppe.
 12814 | D:12     | Bought an amulet of regeneration for 360 gold pieces
 12975 | D:12     | Reached skill level 6 in Axes
 13027 | D:12     | Noticed a two-headed ogre
 13029 | D:12     | Killed a two-headed ogre
 13030 | D:12     | Reached skill level 7 in Axes
 13093 | D:13     | Noticed a centaur warrior
 13101 | D:13     | Killed a centaur warrior
 13102 | D:13     | Reached skill level 8 in Axes
 13126 | D:13     | Found a frozen archway.
 13150 | IceCv    | Entered an ice cave
 13165 | IceCv    | Reached ***** piety under the Shining One
 13229 | IceCv    | Reached skill level 9 in Axes
 13231 | IceCv    | Reached XP level 13. HP: 116/116 MP: 17/17
 13398 | IceCv    | Reached skill level 10 in Axes
 13518 | IceCv    | Noticed a reaper
 13526 | IceCv    | Killed a reaper
 13609 | D:13     | Reached skill level 11 in Axes
 13782 | D:13     | Reached skill level 12 in Axes
 13880 | D:13     | Reached skill level 13 in Axes
 13951 | D:13     | Found Babaruk's Book Emporium.
 14018 | D:13     | Identified the +1 scale mail of Infinity {Dex+2}
 14042 | D:13     | Reached skill level 14 in Axes
 14271 | D:14     | Reached ****** piety under the Shining One
 14383 | D:14     | Reached skill level 15 in Axes
 14447 | D:14     | Reached XP level 14. HP: 51/124 MP: 18/18
 14581 | D:14     | Reached skill level 16 in Axes
 14958 | D:14     | Identified the +7 dagger "Concordance" {heavy, Int+4}
 14974 | D:14     | Reached skill level 10 in Dodging
 15082 | D:14     | Found a gate to the Vaults.
 15249 | D:15     | Entered Level 15 of the Dungeon
 15257 | D:15     | Found a staircase to the Depths.
 15257 | D:15     | Noticed a stone giant
 15292 | D:15     | Killed a stone giant
 15475 | D:15     | Noticed Jorgrun
 15492 | D:15     | Killed Jorgrun
 15857 | D:15     | Found an opulent altar of Gozag.
 15858 | D:15     | Found Gozag's Platinum Reserve.
 15900 | D:15     | Identified the +2 chain mail "Toevued" {Regen+ rCorr}
 15982 | Orc:1    | Entered Level 1 of the Orcish Mines
 16267 | Orc:2    | Entered Level 2 of the Orcish Mines
 16267 | Orc:2    | Found a staircase to the Elven Halls.
 16299 | Orc:2    | Paralysed by an orc sorcerer for 4 turns
 16837 | Orc:2    | Found Xoymn's Armour Shop.
 16837 | Orc:2    | Found Heomom's Antique Weapon Shop.
 16838 | Orc:2    | Found Saeresar's Antique Armour Boutique.
 16842 | Orc:2    | Found Losogeth's Antique Armour Boutique.
 17286 | Lair:1   | Entered Level 1 of the Lair of Beasts
 17308 | Lair:1   | Found a gate leading to a gauntlet.
 17317 | Gauntlet | Entered a Gauntlet
 17317 | Gauntlet | Found a transporter.
 17317 | Gauntlet | Found a runed translucent door.
 17317 | Gauntlet | Found a transporter.
 17323 | Gauntlet | Found a transporter.
 17336 | Gauntlet | Found a transporter.
 17354 | Gauntlet | Found a transporter.
 17354 | Gauntlet | Found a transporter.
 17355 | Gauntlet | Noticed a quicksilver ooze
 17357 | Gauntlet | Found a transporter.
 17357 | Gauntlet | Found a transporter.
 17358 | Gauntlet | Found a transporter.
 17361 | Gauntlet | Noticed a quicksilver ooze
 17371 | Gauntlet | Found a transporter.
 17389 | Gauntlet | Found a transporter.
 17399 | Gauntlet | Found a transporter.
 17414 | Gauntlet | Found a transporter.
 17434 | Gauntlet | Found a transporter.
 17458 | Gauntlet | Found a runed translucent door.
 17580 | Gauntlet | Identified the +1 plate armour of the Frog {rF+}
 17604 | Gauntlet | Killed a quicksilver ooze
 17610 | Gauntlet | Identified the +9 falchion of Voed {freeze, Will+}
 17739 | Gauntlet | Identified the +5 short sword of the Tent {vamp, Will++}
 17805 | Lair:1   | Reached XP level 15. HP: 134/134 MP: 20/20
 18246 | Lair:2   | Found a shimmering blue altar of Sif Muna.
 18442 | Lair:2   | Found a staircase to the Swamp.
 18940 | Lair:3   | Found an ornate altar of the Wu Jian Council.
 19023 | Lair:3   | Found a hole to the Spider Nest.
 19447 | Lair:3   | Found a runed translucent door.
 19448 | Lair:3   | Identified the +1 spear "Seecetig" {vamp, rElec Stlth+}
 19451 | Lair:3   | Noticed Ixoagrun's ghost (journeyman MiFi)
 19625 | Lair:3   | Killed Ixoagrun's ghost
 19839 | Lair:4   | Noticed Kirke
 20049 | Lair:4   | Noticed a sphinx
 20056 | Lair:4   | Killed Kirke
 20273 | Lair:4   | Found a staircase to the Slime Pits.
 20718 | Lair:5   | Entered Level 5 of the Lair of Beasts
 20975 | Lair:5   | Reached skill level 10 in Invocations
 21195 | Lair:5   | Noticed Josephine
 21201 | Lair:5   | Killed Josephine
 21351 | Lair:5   | Reached XP level 16. HP: 145/146 MP: 22/22
 21421 | Lair:5   | Identified the +10 arbalest "Killer Bee's Bane" {drain,
                  | *Corrode Dex+6}
 21467 | Lair:5   | Found a corrupted altar of Lugonu.
 21467 | Lair:5   | Found a one-way gate to the infinite horrors of the Abyss.
 21480 | Lair:5   | Got an earthy gem with 108 turns to spare
 22071 | Swamp:1  | Entered Level 1 of the Swamp
 22095 | Swamp:4  | Entered Level 4 of the Swamp
 22115 | Swamp:4  | Noticed Donald
 22130 | Swamp:4  | Killed Donald
 22146 | Swamp:4  | Noticed the 27-headed Lernaean hydra
 22318 | Swamp:4  | HP: 7/147 [the 22-headed Lernaean hydra (10)]
 22318 | Swamp:4  | Slain by the 22-headed Lernaean hydra

Illustrated notes

Levels and vault maps discovered:
D:1:      dpeg_arrival_tiny_k, layout_loops_ring,
          shapermc_ecumenical_altar_mp_vishouse, kennysheep_minor_cross,
          feat_on_display
D:2:      wad_river_or_something, layout_loops_corners, basic_altar
D:3:      layout_basic, grunt_temple_overflow_open, old_standard_altar,
          serial_curves, eino_curves_03, eino_curves_02
D:4:      layout_basic, minmay_temple_entry_antechambers, gammafunk_ghost_arena,
          uniq_menkaure
D:5:      layout_basic, mainiacjoe_overflow_concentric_impassable, serial_shops,
          shop, uniq_duvessa, uniq_eustachio, uniq_edmund, uniq_ijyb
D:6:      layout_loops_ring, mainiacjoe_overflow_six_doors_small, uniq_grinder
D:7:      layout_basic, grunt_temple_overflow_forces_of_nature,
          biasface_ghost_orc_armoury, minmay_shattered_shrine
D:8:      layout_cave_pods, kennysheep_vampire_church, special_room
          [special_room_orc], uniq_pikel, uniq_gastronok, uniq_maggie
D:9:      layout_irregular_city, dpeg_oklobed_lair
D:10:     cheibrodos_histonic, layout_basic
D:11:     minmay_goldmine, layout_irregular_city
D:12:     layout_loops_ring, serial_shops, shop, grunt_ogre_cave,
          minmay_fractal_squares_gapless_5
D:13:     layout_cross, serial_shops, nicolae_shop_back_alley_shop, serial_ice,
          serial_ice_b, serial_ice_a, serial_ice_l, serial_ice_m, serial_ice_c,
          portal_ice_cave_demonic_guard, minivault_25_ag, billiards_dpeg
D:14:     layout_irregular_city, grunt_vaults_entry_fortified
D:15:     grunt_enter_depths_giant_problem, layout_loops_ring,
          nicolae_gozag_zags_fifth_avenue, uniq_jorgrun
Temple:   zaba_magenta_temple
Lair:1:   layout_cave_shapes, gauntlet_entry_generic, kennysheep_rathole
Lair:2:   layout_roguey, swamp_mist_pool, basic_altar, pond,
          serial_bayou_shore_b
Lair:3:   onia_ninara_swampy_vault, layout_long_grid,
          nicolae_spider_entry_orb_guardian, ebering_ghost_funeral_grove,
          lemuel_altar_in_water2
Lair:4:   layout_hall_layers, dpeg_slime_entry_enclosed, uniq_kirke
Lair:5:   hellmonk_lair_end_abyssal_woods, layout_cave_pods, grunt_megastairs_1,
          uniq_josephine
Swamp:1:  layout_basic_swamp, evilmike_swamp_ruin_house_5
Swamp:2:  layout_falls_marsh, serial_swamp_ruin, evilmike_swamp_ruin_rubble_1,
          evilmike_swamp_ruin_rubble_2, evilmike_swamp_ruin_house_4,
          swamp_pool_1_2, nicolae_swamp_well_well_well,
          nicolae_swamp_some_circles
Swamp:3:  nicolae_swamp_ascending_descending, layout_basic_swamp,
          hangedman_swamp_pad
Swamp:4:  swamp_old_school, layout_basic_swamp, swamp_pool_3, uniq_donald
Orc:1:    layout_caves, basic_altar, mines4_lemuel
Orc:2:    st_orc_mages, layout_caves

Skill      XL: |  1  2  3  4  5  6  7  8  9 10 11 12 13 14 15 16 |
---------------+-------------------------------------------------+-----
Dodging        | 1 2 3 4 5 6 7 9 11 12 13 | 13.0
Fighting       | 4 5 6 7 8 9 10 11 12 14 | 14.6
Armour         | 4 5 6 7 8 9 10 11 12 14 | 14.6
Shields        | 4 5 6 7 8 9 10 11 12 13 14 | 14.4
Long Blades    | 3 4 6 7 9 10 | 10.9
Invocations    | 1 3 5 6 7 8 10 | 10.7
Axes           | 9 15 16 | 16.4

Action                     |  1- 3 |  4- 6 |  7- 9 | 10-12 | 13-15 | 16-18 || total
---------------------------+-------+-------+-------+-------+-------+-------++-------
  Melee: Long sword        |    89 |   128 |     5 |       |       |       ||   222
         Headbutt          |    16 |    16 |    81 |   217 |   227 |    59 ||   616
         Falchion          |       |       |   245 |   657 |       |       ||   902
         War axe           |       |       |       |    74 |   762 |       ||   836
         Broad axe         |       |       |       |       |    86 |   188 ||   274
         Unarmed           |       |       |       |       |     3 |       ||     3
  Throw: Dart              |       |       |    18 |    13 |       |     4 ||    35
 Invoke: Divine Shield     |       |       |       |     2 |     4 |     1 ||     7
    Use: Potion            |       |     2 |       |     2 |     1 |     3 ||     8
         Scroll            |       |       |    11 |     3 |    10 |     2 ||    26
 Armour: Scale mail        |    57 |    81 |       |       |       |       ||   138
         Plate armour      |       |    35 |   221 |   436 |   407 |   180 ||  1279
         Skin              |       |       |       |       |    13 |       ||    13
  Dodge: Dodged            |    44 |    57 |    96 |   271 |   226 |   105 ||   799
  Block: Buckler           |    15 |    30 |    61 |   222 |       |       ||   328
         Tower shield      |       |       |       |   108 |   826 |   258 ||  1192
